 Dungeon Crawl Stone Soup version 0.16.2-2-g470672f (webtiles) character file.

29 monobi the Poker (level 3, 0/27 HPs)
             Began as a Demonspawn Gladiator on Sept 3, 2015.
             Succumbed to an adder's poison
             ... on level 1 of the Dungeon.
             The game lasted 00:05:36 (706 turns).

monobi the Poker (Demonspawn Gladiator)              Turns: 706, Time: 00:05:36

Health: 0/27       AC:  5    Str: 16    XL:     3   Next: 1%
Magic:  1/3        EV: 12    Int:  9    God:
Gold:   53         SH:  0    Dex: 13    Spells: 0 memorised, 2 levels left

rFire  . . .     SeeInvis .     a - +0 trident
rCold  . . .     Rnd*Rage +     l - +0 ring mail
rNeg   . . .     SustAb   .     (no shield)
rPois  .         Gourm    .     (helmet restricted)
rElec  .         Spirit   +     (no cloak)
rCorr  .         Warding  .     (no gloves)
rMut   .         Stasis   .     (no boots)
MR     .....                    (no amulet)
Stlth  +.........               (no ring)
                                (no ring)

@: lethally poisoned (0 -> -5), very slightly contaminated, invisible, not
resistant to hostile enchantments, very unstealthy
A: antennae 1, berserk 1, powered by pain 1, magic shield, placid magic 1
a: no special abilities


You were on level 1 of the Dungeon.
You were not hungry.

You visited 1 branch of the dungeon, and saw 2 of its levels.

You collected 53 gold pieces.

Inventory:

Hand weapons
 a - a +0 trident (weapon)
 g - a +3 antimagic dagger
Missiles
 d - 3 throwing nets (quivered)
Armour
 b - a +0 leather armour
 c - a +0 helmet
 l - a +0 ring mail (worn)
Scrolls
 e - 2 scrolls of identify
 i - 3 scrolls of remove curse
 m - a scroll of teleportation {unknown}
Comestibles
 f - a bread ration
 k - a royal jelly


   Skills:
 + Level 2.1 Fighting
 + Level 3.1 Polearms
 + Level 2.0 Throwing
 + Level 0.1 Armour
 + Level 3.1 Dodging


You had 2 spell levels left.
You didn't know any spells.

Dungeon Overview and Level Annotations

Branches:
Dungeon (2/15)

Altars:
Xom


Innate Abilities, Weirdness & Mutations

You sometimes gain a little power by taking damage.
When hurt, damage is shared between your health and your magic reserves.
You have a pair of small antennae on your head.
You tend to lose your temper in combat.
Your spells are a little easier to cast, but a little less powerful.


Message History

* * * LOW HITPOINT WARNING * * *
You feel sick.
You aren't carrying any potions.
You aren't carrying any potions.
You aren't carrying any potions.
You aren't carrying any potions.
You aren't carrying any potions.
You aren't carrying any potions.
You aren't carrying any potions.
You aren't carrying any potions.
Read which item? (? for menu, Esc to quit)
As you read the scroll labeled UTIRCH ODURR, it crumbles to dust.
It is a scroll of enchant weapon.
Enchant which weapon? (? for menu, Esc to quit)
Your +2 antimagic dagger glows red for a moment.
Read which item? (? for menu, Esc to quit)
As you read the scroll labeled YMORAE FAESMENKUME, it crumbles to dust.
You hear a loud clanging noise!
It was a scroll of noise.
You die...

######## ######### #.##.#
.......# #...#...# #..#.#
.......# #...#...# ##.#.#
.......# #...#...# #.#.#
.......# #...#...# #(#.#
.......# #...#...# #.#.#
.......####...#...# #.#.#
####......#...#...# #.#.#
#.........#...#.@.##### #.#.#
................>.....# #.#.#
#.........##'#...####.# #.#.#
#†......(.##.#..S.....# #.#.#
..........##(#...#########.#.#
..#.......##.#.............#†#
..##..######.##.#.##########.#
..###.#....#.##.#.# #......(#
...........#.##.#.# #.#######


You could see an adder.

Vanquished Creatures
  A gnoll (D:1)
  A giant gecko (D:1)
  A goblin (D:1)
  4 hobgoblins
  A ball python (D:1)
  5 bats
  A giant newt (D:1)
  2 kobolds (D:1)
  3 rats (D:1)
19 creatures vanquished.

Notes
Turn   | Place    | Note
--------------------------------------------------------------
     0 | D:1      | monobi, the Demonspawn Gladiator, began the quest for the Orb.
     0 | D:1      | Reached XP level 1. HP: 16/16 MP: 1/1
     1 | D:1      | Noticed a merfolk skeleton
     5 | D:1      | Noticed a spriggan skeleton
     6 | D:1      | Noticed an elf
     7 | D:1      | Noticed an octopode
    10 | D:1      | Noticed a formicid zombie
    10 | D:1      | Noticed a centaur zombie
    12 | D:1      | Noticed a human zombie
    13 | D:1      | Noticed an elf skeleton
    16 | D:1      | Noticed an elf zombie
    48 | D:1      | Noticed an octopode
    48 | D:1      | Noticed an octopode zombie
    49 | D:1      | Noticed a minotaur
    88 | D:1      | Reached skill level 3 in Polearms
    88 | D:1      | Gained mutation: You sometimes gain a little power by taking damage. [demonic ancestry]
    88 | D:1      | Reached XP level 2. HP: 17/22 MP: 2/2
   668 | D:2      | Found a shimmering altar of Xom.
   673 | D:2      | Gained mutation: When hurt, damage is shared between your health and your magic reserves. [demonic ancestry]
   673 | D:2      | Reached XP level 3. HP: 27/27 MP: 3/3
   693 | D:2      | Gained mutation: You have a pair of small antennae on your head. [potion of mutation]
   693 | D:2      | Gained mutation: You tend to lose your temper in combat. [potion of mutation]
   693 | D:2      | Gained mutation: Your spells are a little easier to cast, but a little less powerful. [potion of mutation]
   702 | D:2      | HP: 1/27 [adder (2)]
   706 | D:1      | Succumbed to an adder's poison

Action                   || total
-------------------------++-------
Melee: Trident           ||    63
  Use: Scroll            ||     4
       Potion            ||     2
